 Dungeon Crawl Stone Soup version 0.30-a0-368-g86fb4627a9 (webtiles) character file.

Game seed: 440022954421575150

3059 qeuew the Trooper (level 9, 0/71 HPs)
             Began as a Demonspawn Monk on Nov 18, 2022.
             Was an Initiate of Gozag.
             Killed by vampiric draining
             ... invoked by a vampire
              (13 damage)
             ... on level 7 of the Dungeon.
             The game lasted 00:06:15 (5061 turns).

qeuew the Trooper (Demonspawn Monk)                 Turns: 5061, Time: 00:06:15

Health: 0/71       AC: 16    Str: 14    XL:     9   Next: 57%
Magic:  9/9        EV: 15    Int: 12    God:    Gozag
Gold:   214        SH:  4    Dex: 25    Spells: 8/8 levels left

rFire   . . .      SeeInvis .    a - +0 hand axe
rCold   + + .      Faith    .    (no shield)
rNeg    . . .      Spirit   .    j - +1 plate armour {rC+}
rPois   +          Reflect  .    o - +2 helmet "Joytei" {rF- Dex+8 Slay+5}
rElec   +          Harm     .    (no cloak)
rCorr   +          Rampage  .    (no gloves)
Will    .....                    (no boots)
Stlth   ..........               (no amulet)
HPRegen 0.31/turn                g - +4 ring of evasion
MPRegen 0.22/turn                c - +4 ring of evasion

@: resistant
A: hooves 1, large bone plates 1, magic regeneration
a: Renounce Religion, Potion Petition, Call Merchant, Bribe Branch


You were on level 7 of the Dungeon.
You worshipped Gozag.
Gozag was aware of your devotion.
You visited 2 branches of the dungeon, and saw 8 of its levels.

You collected 484 gold pieces.
You paid 270 gold pieces to Gozag.

Inventory:

Hand Weapons
 a - a +0 hand axe (weapon)
 d - the +9 sling "Siniuxtu" {vorpal, rC+}
   (You found it on level 2 of the Dungeon)

   Any ammunition fired from it inflicts extra damage upon your enemies.
   rC:        It protects you from cold.
Missiles
 b - a throwing net
Armour
 j - a +1 plate armour of cold resistance (worn)
 o - the +2 helmet "Joytei" (worn) {rF- Dex+8 Slay+5}
   (You found it on level 4 of the Dungeon)

   Dex:       It affects your dexterity (+8).
   Slay:      It affects your accuracy & damage with ranged weapons and melee
   (+5).
   rF:        It makes you vulnerable to fire.
Jewellery
 c - a +4 ring of evasion (right hand)
 g - a +4 ring of evasion (left hand)
 h - a ring of protection from fire
Wands
 l - a wand of roots (1)
 p - a wand of mindburst (21)
 r - a wand of paralysis (13)
 x - a wand of polymorph (4)
Scrolls
 i - a scroll of enchant armour
 n - 4 scrolls of teleportation
 s - a scroll of amnesia
 y - a scroll of magic mapping
 z - a scroll of enchant weapon
 A - a scroll of identify
Potions
 e - 4 potions of haste
 f - 2 potions of curing
 m - a potion of might
 u - 2 potions of brilliance
 v - a potion of flight
 w - 2 potions of resistance


   Skills:
 + Level 6.4 Fighting
 + Level 6.0 Axes
 + Level 4.6 Ranged Weapons
 + Level 4.9 Armour
 + Level 5.8 Dodging
 - Level 1.7 Stealth
 + Level 4.5 Evocations


You had 8 spell levels left.
You didn't know any spells.
Your spell library contained the following spells:

 Spells                   Type           Power      Damage    Failure   Level
 Shock                    Conj/Air       0%         1d3       100%        1
 Slow                     Hex            0%         N/A       100%        1
 Cigotuvi's Dreadful Rot  Necr/Pois/Air  0%         N/A       100%        2
 Confusing Touch          Hex            0%         N/A       100%        3
 Ozocubu's Armour         Ice            0%         N/A       100%        3
 Swiftness                Air            0%         N/A       100%        3
 Vampiric Draining        Necr           0%         2d6       100%        3
 Vhi's Electric Charge    Tloc/Air       0%         N/A       100%        3
 Airstrike                Air            0%         2d(0-16)  100%        4
 Dispel Undead            Necr           0%         3d6       100%        4
 Arcjolt                  Conj/Air       0%         1d10      100%        5
 Metabolic Englaciation   Hex/Ice        0%         N/A       100%        5
 Death Channel            Necr           0%         N/A       100%        6
 Maxwell's Capacitive Co  Air            0%         ∞         100%        8
 Simulacrum               Ice/Necr       Unusable   N/A       N/A         6

Dungeon Overview and Level Annotations

Branches:
Dungeon (7/15)             Temple (1/1) D:7

Altars:
Cheibriados
Dithmenos
Fedhas
Gozag
Hepliaklqana
Kikubaaqudgha
Nemelex Xobeh
Okawaru
Qazlal
Ru
Uskayaw
Vehumet
Wu Jian
Xom
Yredelemnul

Shops:
D:3 !   D:4 [


Innate Abilities, Weirdness & Mutations

You have large cloven feet.
You are partially covered in large bone plates. (SH +4)
You regenerate magic rapidly.


Message History

* * * LOW HITPOINT WARNING * * *
You block the vampire's attack.
You hit the vampire but do no damage. You kick the vampire, but do no damage.
The vampire is severely damaged.
The vampire barely misses you.
The vampire bites you but does no damage.
You hit the vampire.
The vampire is severely damaged.
The vampire hits you but does no damage.
The vampire barely misses you.
You hit the vampire but do no damage. You kick the vampire.
The vampire is almost destroyed.
The vampire draws life force from you!
* * * LOW HITPOINT WARNING * * *
The vampire is healed by the life force! [a] - 270 gold - resistance [b] - 600 gold - resistance, might, heal wounds and berserk rage [c] - 784 gold - resistance, might, haste and brilliance Purchase which effect?
You no longer have enough gold to petition Gozag for potion effects.
You feel protected. The vampire closely misses you. The vampire bites you.
* * * LOW HITPOINT WARNING * * *
The vampire draws strength from your injuries!
You feel better. The vampire misses you. You block the vampire's attack.
You hit the vampire but do no damage. Your kick misses the vampire.
The vampire is severely damaged.
The vampire misses you. The vampire closely misses you.
You barely miss the vampire. Your kick misses the vampire.
The vampire is severely damaged.
The vampire barely misses you. The vampire closely misses you.
You closely miss the vampire. You kick the vampire, but do no damage.
The vampire is severely damaged.
You block the vampire's attack.
The vampire bites you but does no damage.
You hit the vampire.
The vampire is severely damaged.
The vampire draws life force from you!
You die...
Your body crumbles into a pile of gold.

#.. .# ... #.# .# #..#
#.# .##[.#
#######.####...... .
...........#...... ).
######..#....#
..#########...#....#
..##.........###...##.#
..##.####......V@....#
...#.##....#.....#....#
..(#.##..###..>..###.##
...........#.....# .#
.................... #
...#<##......###....#
#.##.####.#...#...#.#
#.##.# #.##..#..##.#
#.##.####.###...## #


You could see a vampire.

Vanquished Creatures
  A two-headed ogre (D:6)
  Prince Ribbit (D:7)
  Sigmund (D:2)
  A steam dragon (D:6)
  Menkaure (Temple)
  Duvessa (D:4)
  An orc warrior (D:6)
  A black bear (D:4)
  3 ogres
  2 centaurs (D:6)
  2 bullfrogs
  4 necrophages
  3 scorpions
  3 wights (D:7)
  Dowan (D:4)
  A hound (D:6)
  2 orc priests
  Crazy Yiuf (D:2)
  A jelly (D:6)
  Jessica (D:2)
  4 iguanas
  Ijyb (D:3)
  4 adders
  3 gnolls (D:6)
  A shadow imp (D:7)
  A white imp (D:6)
  A worm (D:3)
  2 dart slugs
  10 orcs
  4 endoplasms
  4 giant cockroaches
  7 goblins
  7 hobgoblins
  3 jackals (D:2)
  2 quokkas (D:1)
  5 ball pythons
  5 bats
  2 frilled lizards (D:1)
  6 kobolds
  2 rats (D:2)
106 creatures vanquished.

Notes
Turn   | Place    | Note
-------+----------+-------------------------------------------
     0 | D:1      | qeuew the Demonspawn Monk began the quest for the Orb.
     0 | D:1      | Reached XP level 1. HP: 18/18 MP: 1/1
   563 | D:1      | Gained mutation: You regenerate magic rapidly. [demonic
                  | ancestry]
   563 | D:1      | Reached XP level 2. HP: 19/24 MP: 2/2
  1061 | D:2      | Noticed Jessica
  1083 | D:2      | Killed Jessica
  1084 | D:2      | Reached skill level 1 in Armour
  1084 | D:2      | Reached XP level 3. HP: 29/29 MP: 3/3
  1128 | D:2      | Identified the +9 sling "Siniuxtu" {vorpal, rC+}
  1388 | D:2      | Noticed Sigmund
  1409 | D:2      | Killed Sigmund
  1410 | D:2      | Reached skill level 1 in Ranged Weapons
  1410 | D:2      | Gained mutation: You have large cloven feet. [demonic
                  | ancestry]
  1410 | D:2      | Reached XP level 4. HP: 29/37 MP: 4/4
  1410 | D:2      | Reached XP level 5. HP: 33/42 MP: 5/5
  1493 | D:2      | Found a runed translucent door.
  1494 | D:2      | Noticed Crazy Yiuf
  1756 | D:2      | Killed Crazy Yiuf
  1870 | D:3      | Found Hathre's Distillery.
  2010 | D:3      | Noticed Ijyb
  2013 | D:3      | Killed Ijyb
  2014 | D:3      | Gained mutation: You are partially covered in large bone
                  | plates. (SH +4) [demonic ancestry]
  2014 | D:3      | Reached XP level 6. HP: 45/48 MP: 6/6
  2431 | D:4      | Identified the +2 helmet "Joytei" {rF- Dex+8 Slay+5}
  2484 | D:4      | Found Wezaf's Armour Boutique.
  2635 | D:4      | Reached skill level 1 in Evocations
  2730 | D:4      | Reached XP level 7. HP: 49/55 MP: 7/7
  3104 | D:4      | Noticed Duvessa
  3104 | D:4      | Noticed Dowan
  3109 | D:4      | Killed Duvessa
  3112 | D:4      | Killed Dowan
  3197 | D:5      | Entered Level 5 of the Dungeon
  3364 | D:5      | Reached skill level 5 in Fighting
  3364 | D:5      | Reached XP level 8. HP: 62/62 MP: 8/8
  3422 | D:5      | Found a basalt altar of Yredelemnul.
  3453 | D:5      | Found a stormy altar of Qazlal.
  3765 | D:6      | Noticed a two-headed ogre
  3770 | D:6      | Killed a two-headed ogre
  3771 | D:6      | Reached skill level 5 in Axes
  3771 | D:6      | Reached skill level 5 in Dodging
  3818 | D:6      | Reached XP level 9. HP: 69/69 MP: 9/9
  4583 | D:7      | Noticed Prince Ribbit
  4596 | D:7      | Killed Prince Ribbit
  4613 | D:7      | Found a staircase to the Ecumenical Temple.
  4626 | D:7      | Noticed Menkaure
  4637 | Temple   | Entered the Ecumenical Temple
  4646 | Temple   | Killed Menkaure
  4927 | Temple   | Became a worshipper of Gozag Ym Sagoz the Greedy
  5061 | D:7      | Killed from afar by a vampire

Illustrated notes

Levels and vault maps discovered:
D:1:      eino_arrival_tree_alley, layout_basic
D:2:      kennysheep_big_flooded_room, layout_basic, uniq_crazy_yiuf_cottage,
          uniq_jessica, uniq_sigmund
D:3:      layout_loops_cross, serial_shops, shop, uniq_ijyb
D:4:      layout_loops_ring, nicolae_take_the_stairs, uniq_duvessa
D:5:      layout_rooms, mainiacjoe_overflow_swirl
D:6:      layout_rooms, lightli_minifort
D:7:      layout_loops_ring, minmay_temple_entry_tees, serial_shops, shop,
          uniq_menkaure, uniq_prince_ribbit1
Temple:   dpeg_five_rooms_temple

Skill      XL: |  1  2  3  4  5  6  7  8  9 |
---------------+----------------------------+-----
Dodging        | 3 4 5 |  5.8
Axes           | 3 4 5 6 |  6.0
Armour         | 1 2 3 4 |  4.9
Ranged Weapons | 1 2 3 4 |  4.6
Fighting       | 4 5 6 |  6.4
Evocations     | 1 2 3 4 |  4.5
Stealth        | |  1.7

Action                   |  1- 3 |  4- 6 |  7- 9 || total
-------------------------+-------+-------+-------++-------
Melee: Hand axe          |    91 |       |    34 ||   125
       Punch             |     1 |       |       ||     1
       Kick              |       |       |    16 ||    16
 Fire: Sling             |    32 |    63 |   146 ||   241
Invok: Potion Petition   |       |       |     1 ||     1
  Use: Potion            |     3 |     2 |     5 ||    10
       Scroll            |     3 |     3 |     9 ||    15
 Stab: Sleeping          |     5 |       |       ||     5
Armor: Robe              |    20 |       |       ||    20
       Plate armour      |       |     8 |    89 ||    97
Dodge: Dodged            |    96 |    17 |   115 ||   228
Block: Other             |       |     3 |    34 ||    37

Table legend: (Time is in decaauts)
 A = Elapsed time spent in this place.
 B = Non-inter-level travel time spent in this place.
 C = Inter-level travel time spent in this place.
 D = Time resting spent in this place.
 E = Time spent auto-exploring this place.
 F = Levels seen in this place.
 G = Mean time per level.
                   A        B        C        D        E       F      G
               +--------+--------+--------+--------+--------+-----+--------+
         Total |   5273 |   4997 |    276 |      0 |   4038 |   8 |  659.1 |
       Dungeon |   4897 |   4712 |    185 |      0 |   3775 |   7 |  699.6 |
        Temple |    375 |    284 |     91 |      0 |    263 |   1 |  375.0 |
               +--------+--------+--------+--------+--------+-----+--------+

Top non-repeatable levels by time:
     D:1: 1013 daAuts
     D:2: 850 daAuts
     D:4: 821 daAuts
     D:6: 643 daAuts
     D:3: 623 daAuts
     D:5: 552 daAuts
     D:7: 393 daAuts
  Temple: 375 daAuts
